 Dungeon Crawl Stone Soup version 0.32-a0-791-gfc315c9ecd (webtiles) character file.

Game seed: 3171113610680527912

219 jasper the Ruffian (level 5, -1/37 HPs)
             Began as an Octopode Fighter on Mar 20, 2024.
             Slain by an orc wizard
             ... wielding a +4 dagger
              (4 damage)
             ... on level 4 of the Dungeon.
             The game lasted 00:04:18 (2384 turns).

jasper the Ruffian (Octopode Fighter)               Turns: 2384, Time: 00:04:18

Health: -1/37      AC:  1    Str: 20    XL:     5   Next: 96%
Magic:  5/5        EV: 12    Int: 16    God:
Gold:   206        SH:  5    Dex: 12    Spells: 4/4 levels left

rFire   . .          .
                       - Unarmed
rCold   + . .        a - +1 buckler
rNeg    . . .        (helmet restricted)
rPois   +            k - amulet "Jopp" {Acrobat rElec rPois Str+3}
rElec   +            e - ring of protection from cold
rCorr   .            c - +6 ring of intelligence
SInv    .            (no ring)
Will    .....        (no ring)
Stlth   +++          (no ring)
HPRegen 0.26/turn    (no ring)
MPRegen 0.09/turn    (no ring)
                     (no ring)

%: acrobat
@: mighty
A: almost no armour, amphibious, 8 rings, camouflage 1, gelatinous body 1,
(nimble swimmer 1), tentacles
a: no special abilities


You were on level 4 of the Dungeon.
You visited 1 branch of the dungeon, and saw 4 of its levels.

You collected 206 gold pieces.

Inventory:

Armour
 a - a +1 buckler (worn)
Jewellery
 c - a +6 ring of intelligence (right tentacle)
 e - a ring of protection from cold (left tentacle)
 g - the amulet of Ogimozaoqu {Faith rF+ Will+ Int+2}
   (You found it on level 3 of the Dungeon)

   [amulet of faith]

   Faith:     It allows you to gain divine favour quickly.
   Int+2:     It affects your intelligence (+2).
   rF+:       It protects you from fire.
   Will+:     It increases your willpower.
 k - the amulet "Jopp" (around mantle) {Acrobat rElec rPois Str+3}
   (You found it on level 2 of the Dungeon)

   [amulet of the acrobat]

   Acrobat:   It increases your evasion while moving and waiting.
   Str+3:     It affects your strength (+3).
   rElec:     It insulates you from electricity.
   rPois:     It protects you from poison.
Talismans
 q - a blade talisman
Wands
 f - a wand of flame (22)
Scrolls
 h - a scroll of brand weapon
Potions
 d - 2 potions of degeneration
 l - a potion of brilliance {unknown}
 n - a potion of mutation {unknown}
 o - a potion of invisibility {unknown}


   Skills:
 + Level 3.8 Fighting
 + Level 3.8 Dodging
 - Level 1.5 Stealth
 + Level 3.8 Shields
 * Level 4.0 Unarmed Combat


You had 4 spell levels left.
You didn't know any spells.
Your spell library contained the following spells:

 Spells                   Type           Power      Damage    Failure   Level
 Apportation              Tloc           0%         N/A       30%         1
 Necrotise                Necr           0%         1d4       30%         1
 Sting                    Conj/Alch      0%         1d3       30%         1
 Summon Small Mammal      Summ           0%         N/A       30%         1
 Ensorcelled Hibernation  Hex/Ice        0%         N/A       43%         2
 Dazzling Flash           Conj/Hex       0%         N/A       67%         3
 Fugue of the Fallen      Necr           0%         N/A       67%         3
 Mephitic Cloud           Conj/Alch/Air  0%         N/A       67%         3
 Anguish                  Hex/Necr       0%         N/A       97%         4
 Passage of Golubria      Tloc           0%         N/A       97%         4
 Curse of Agony           Necr           0%         N/A       100%        5
 Silence                  Hex/Air        0%         N/A       100%        5
 Lehudib's Crystal Spear  Conj/Erth      0%         10d2      100%        8


Dungeon Overview and Level Annotations

Branches:
Dungeon (4/15)
 Temple: D:4-7

Altars:


Innate Abilities, Weirdness & Mutations

You cannot wear most types of armour.
You are amphibious.
You can wear up to eight rings at the same time.
Your skin changes colour to match your surroundings (Stealth+).
Your rubbery body absorbs attacks. (AC +1, EV +1)
((You are camouflaged when in or above water. (Stealth+)))
You have tentacles for arms and can constrict up to eight enemies at once.


Message History

You bludgeon the orc!
You kill the orc!
The orc priest looks braver for a moment.
You block something's attack.
You barely miss something.
You hear some strange, mumbled words.
A magic dart appears from out of thin air!
The magic dart hits you.
* * * LOW HITPOINT WARNING * * *
The orc hits you with a +0 war axe.
* * * LOW HITPOINT WARNING * * *
You take 10 damage, and have 3/37 hp.
MASSIVE DAMAGE!!
You feel better. Something hits you.
* * * LOW HITPOINT WARNING * * *
The orc closely misses you.
You regained 7 hp, and now have 10/37 hp.
Okay, then.
You barely miss the orc. Your grab misses the orc. You squeeze the orc!
You kill the orc!
You hear some strange, mumbled words.
Something tries to affect you, but you resist.
You tentacle-slap the orc priest. Your grab misses the orc priest.
You squeeze the orc priest!
The orc priest is almost dead.
The orc priest looks braver for a moment.
Something hits you.
* * * LOW HITPOINT WARNING * * *
You take 6 damage, and have 4/37 hp.
You bludgeon the orc priest!
You kill the orc priest!
Something hits you.
* * * LOW HITPOINT WARNING * * *
Your Unarmed Combat skill increases to level 4!
You take 2 damage, and have 2/37 hp.
You tentacle-slap the orc. You grab the orc.
The orc is almost dead.
You constrict the orc.
You kill the orc!
Something hits you.
You die...

#.# ..# #.# #.#
#.# #.# #.# #.#
## #.# #.# .###
#. #.# #.#
.....#.###.###{#
.............)@#
.#####.##.#####
#.....o..#
#.###.#..#
######
#...#..##......
#.###..........
#...#...#......
........#......
.###............


There were no monsters in sight!

Vanquished Creatures
  A hound (D:4)
  An orc priest (D:4)
  Ijyb (D:3)
  3 gnolls (D:3)
  4 adders
  A dart slug (D:1)
  6 orcs
  2 ball pythons
  6 bats
  5 endoplasms
  9 goblins
  5 hobgoblins
  2 jackals (D:2)
  5 kobolds
  3 quokkas (D:1)
  5 frilled lizards
  5 rats
64 creatures vanquished.

Notes
Turn   | Place    | Note
-------+----------+-------------------------------------------
     0 | D:1      | jasper the Octopode Fighter began the quest for the Orb.
     0 | D:1      | Reached XP level 1. HP: 16/16 MP: 1/1
    24 | D:1      | Reached skill level 1 in Stealth
    82 | D:1      | Reached XP level 2. HP: 19/21 MP: 2/2
   367 | D:1      | Reached XP level 3. HP: 26/26 MP: 3/3
   899 | D:2      | Found a faded altar of an unknown god.
  1394 | D:2      | Reached skill level 3 in Unarmed Combat
  1394 | D:2      | Reached XP level 4. HP: 17/31 MP: 4/4
  1494 | D:2      | Identified the amulet "Jopp" {Acrobat rElec rPois Str+3}
  1727 | D:3      | Noticed Ijyb
  1730 | D:3      | Identified the amulet of Ogimozaoqu {Faith rF+ Will+ Int+2}
  1735 | D:3      | Killed Ijyb
  1884 | D:3      | Reached XP level 5. HP: 30/36 MP: 5/5
  2362 | D:4      | HP: 1/37 [something (8)]
  2384 | D:4      | Reached skill level 4 in Unarmed Combat
  2384 | D:4      | Slain by an orc wizard

Illustrated notes

Levels and vault maps discovered:
D:1:      minmay_arrival_stone_box, layout_basic, chequers_decorated_corner,
          hangedman_decor_growths, minmay_hexomino_u4
D:2:      layout_basic, nicolae_ecumenical_pavilion, minmay_circle_x
D:3:      layout_basic, due_unseen_surprise, uniq_ijyb
D:4:      layout_basic, overflow_temple_1_default

Skill      XL: |  1  2  3  4  5 |
---------------+----------------+-----
Stealth        | 1 |  1.5
Unarmed Combat | 3 4 |  4.0
Fighting       | |  3.8
Dodging        | |  3.8
Shields        | |  3.8

Action                     |  1- 3 |  4- 6 || total
---------------------------+-------+-------++-------
  Melee: Unarmed           |    78 |    78 ||   156
         Constrict         |    14 |    15 ||    29
         Tentacles         |    11 |    18 ||    29
         Punch             |     1 |     1 ||     2
    Use: Scroll            |       |     9 ||     9
         Potion            |       |     5 ||     5
   Stab: Sleeping          |    10 |     3 ||    13
 Armour: Skin              |    29 |    47 ||    76
  Dodge: Dodged            |    43 |    54 ||    97
  Block: Buckler           |    13 |    19 ||    32

Table legend: (Time is in decaauts)
 A = Elapsed time spent in this place.
 B = Non-inter-level travel time spent in this place.
 C = Inter-level travel time spent in this place.
 D = Time resting spent in this place.
 E = Time spent auto-exploring this place.
 F = Levels seen in this place.
 G = Mean time per level.
                   A        B        C        D        E       F      G
               +--------+--------+--------+--------+--------+-----+--------+
         Total |   2379 |   2313 |     66 |    335 |   1461 |   4 |  594.8 |
       Dungeon |   2379 |   2313 |     66 |    335 |   1461 |   4 |  594.8 |
               +--------+--------+--------+--------+--------+-----+--------+

Top non-repeatable levels by time:
     D:1: 898 daAuts
     D:3: 721 daAuts
     D:2: 704 daAuts
     D:4: 55 daAuts
